 Dungeon Crawl Stone Soup version 0.29.1-15-g9cfb28693d (webtiles) character file.

Game seed: 17419136022337505230

149 Heoruswealwe the Conjurer (level 5, 0/28 HPs)
             Began as a Deep Elf Conjurer on Mar 7, 2023.
             Slain by a goblin
             ... wielding a +0 dagger
             ... led by Robin
              (3 damage)
             ... on level 3 of the Dungeon.
             The game lasted 00:21:12 (1536 turns).

Heoruswealwe the Conjurer (Deep Elf Conjurer)       Turns: 1536, Time: 00:21:13

Health: 0/28       AC:  2    Str:  2 (4)  XL:     5   Next: 9%
Magic:  2/14       EV: 12    Int: 24 (25) God:
Gold:   97         SH:  0    Dex: 11 (13) Spells: 11/14 levels left

rFire   . . .      SeeInvis .   i - +10 falchion "Esuisseo" {vorpal, rElec rC- rCorr}
rCold   x . .      Faith    .   (no shield)
rNeg    . . .      Spirit   .   a - +0 robe
rPois   .          Reflect  .   (no helmet)
rElec   +          Harm     .   (no cloak)
rCorr   +          Rampage  .   (no gloves)
Will    .....                   (no boots)
Stlth   ++........              f - amulet of the acrobat
HPRegen 0.09/turn               (no ring)
MPRegen 0.14/turn               (no ring)

@: no status effects
A: no striking features
a: no special abilities


You were on level 3 of the Dungeon.
You visited 1 branch of the dungeon, and saw 3 of its levels.

You collected 97 gold pieces.

Inventory:

Hand Weapons
 i - the +10 falchion "Esuisseo" (weapon) {vorpal, rElec rC- rCorr}
   (You found it on level 2 of the Dungeon)

   It inflicts extra damage upon your enemies.
   rC:        It makes you vulnerable to cold.
   rElec:     It insulates you from electricity.
   rCorr:     It protects you from acid and corrosion.
Missiles
 l - 2 throwing nets
Armour
 a - a +0 robe (worn)
Jewellery
 f - an amulet of the acrobat (around neck)
Scrolls
 c - a scroll of immolation {unknown}
 e - a scroll of identify {unknown}
 g - a scroll of magic mapping {unknown}
 h - a scroll of teleportation {unknown}
 j - a scroll of amnesia {unknown}
Potions
 b - a potion of degeneration
 d - a potion of lignification {unknown}
 k - a potion of ambrosia {unknown}


   Skills:
 - Level 2.4 Dodging
 - Level 2.4 Stealth
 + Level 5.4 Spellcasting
 + Level 5.9 Conjurations


You had 11 spell levels left.
You knew the following spells:

 Your Spells              Type           Power      Damage    Failure   Level
a - Magic Dart            Conj           100%       1d8       1%          1
b - Searing Ray           Conj           68%        2d6       1%          2

Your spell library contained the following spells:

 Spells                   Type           Power      Damage    Failure   Level
 Shock                    Conj/Air       80%        1d8       2%          1
 Dazzling Flash           Conj/Hex       40%        N/A       8%          3
 Poisonous Vapours        Pois/Air       12%        N/A       13%         2
 Swiftness                Air            6%         N/A       26%         3
 Fulminant Prism          Conj/Hex       10%        3d9       26%         4
 Iskenderun's Mystic Bla  Conj/Tloc      20%        2d6       26%         4
 Airstrike                Air            3%         2d(1-17)  63%         4
 Corpse Rot               Necr/Pois/Air  6%         N/A       63%         4


Dungeon Overview and Level Annotations

Branches:
Dungeon (3/15)

Altars:
Qazlal

Portals:
Sewer: D:3

Annotations:
D:3 Robin


Message History

Robin roars a battlecry!
The goblins go into a battle-frenzy!
Robin throws the goblin at you!
There is an open door here.
You see here a +0 halberd.
You closely miss the goblin. The goblin closely misses you.
The goblin hits you with a +0 dagger. The goblin attacks as you move away!
The goblin hits you but does no damage.
You see here a +0 spear.
You closely miss the goblin.
The goblin hits you with a +0 dagger. x2
You barely miss the goblin. The goblin barely misses you.
You hit the goblin.
You kill the goblin!
Robin throws the goblin at you!
You closely miss the goblin.
You hear the slow rusting of a drain very nearby.
The goblin hits you but does no damage. The goblin hits you with a +0 dagger.
The goblin barely misses you.
You slash the goblin!
You kill the goblin!
The goblin barely misses you.
The hobgoblin shouts!
You hit the goblin.
The goblin is heavily wounded.
The hobgoblin no longer looks unusually strong.
The goblin no longer looks unusually strong.
The goblin hits you with a +0 dagger.
* * * LOW HITPOINT WARNING * * *
The goblin hits you with a +0 dagger.
* * * LOW HITPOINT WARNING * * *
The goblin hits you with a +0 dagger.
* * * LOW HITPOINT WARNING * * *
The goblin barely misses you.
Robin roars a battlecry!
The goblins go into a battle-frenzy!
It was a potion of degeneration.
There was something very wrong with that liquid.
You feel weakened.
You feel dopey.
You feel clumsy. The goblin hits you with a +0 dagger.
You die...

## #.........#
+..#.#.......# .
#..........# ..
#.#..#..#..# ...
#.....)....#
....#####..####.#
........).......#
.....†g.#.##..###
...####@#.#<....#
. ##g#.......###
#.gr...........
#.)..##~~~~≈##.
#.g..##~≈~~~#
+....~≈..)..~≈
#....~≈†....~~.
#....)...∩..≈~.
#....~~.....≈~.


You could see Robin, a hobgoblin (strong), 2 goblins and a rat.

Vanquished Creatures
  4 gnolls (D:3)
  3 adders (D:2)
  A worm (D:3)
  4 dart slugs
  4 bats
  3 endoplasms (D:1)
  2 giant cockroaches
  13 goblins
  8 hobgoblins
  7 jackals (D:1)
  2 quokkas
  3 ball pythons
  4 frilled lizards
  4 kobolds (D:1)
  7 rats
69 creatures vanquished.

Vanquished Creatures (others)
  9 plants (D:2)
9 creatures vanquished.

Grand Total: 78 creatures vanquished

Notes
Turn   | Place    | Note
-------+----------+-------------------------------------------
     0 | D:1      | Heoruswealwe the Deep Elf Conjurer began the quest for the
                  | Orb.
     0 | D:1      | Reached XP level 1. HP: 10/10 MP: 6/6
    68 | D:1      | Reached XP level 2. HP: 6/15 MP: 0/8
   507 | D:1      | Reached skill level 5 in Conjurations
   507 | D:1      | Reached XP level 3. HP: 19/19 MP: 8/10
   634 | D:1      | Learned a level 2 spell: Searing Ray
   845 | D:2      | Identified the +10 falchion "Esuisseo" {vorpal, rElec rC-
                  | rCorr}
  1009 | D:2      | Reached XP level 4. HP: 22/24 MP: 3/12
  1088 | D:2      | Found a stormy altar of Qazlal.
  1447 | D:3      | Found a glowing drain.
  1462 | D:3      | Reached skill level 5 in Spellcasting
  1495 | D:3      | Reached XP level 5. HP: 27/28 MP: 0/14
  1520 | D:3      | Noticed Robin
  1536 | D:3      | Slain by a goblin

Illustrated notes

Levels and vault maps discovered:
D:1:      dpeg_arrival_subterranean_lakeside_camping, layout_loops_ring
D:2:      cheibrodos_old_hovel, layout_basic, basic_altar
D:3:      kennysheep_slugbush, layout_basic, okawaru_gym_becter,
          cheibrodos_sewer_entry_sluice, gammafunk_ghost_nasty_kobolds,
          uniq_robin

Skill      XL: |  1  2  3  4 |
---------------+-------------+-----
Spellcasting   | 4 5 |  5.4
Conjurations   | 5 |  5.9
Dodging        | |  2.4
Stealth        | |  2.4

Action                   |  1- 3 |  4- 6 || total
-------------------------+-------+-------++-------
Melee: Unarmed           |     2 |       ||     2
       Falchion          |    27 |    18 ||    45
 Cast: Magic Dart        |    84 |    31 ||   115
       Searing Ray       |       |     1 ||     1
  Use: Potion            |     1 |     1 ||     2
 Stab: Sleeping          |       |     1 ||     1
Armor: Robe              |     4 |     4 ||     8
Dodge: Dodged            |    27 |    10 ||    37
